 Dungeon Crawl Stone Soup version 0.24.0-1-gfbc8707122 (webtiles) character file.

Game seed: 3738788316532049864, levelgen mode: deterministic

3294 theanonym the Grappler (level 9, -7/63 HPs)
             Began as a Demonspawn Berserker on Oct 26, 2019.
             Was a High Priest of Trog.
             Killed from afar by a hound (29 damage)
             ... with an exploding inner flame
             ... hexed by the player character
             ... on level 8 of the Dungeon.
             The game lasted 00:09:38 (7667 turns).

theanonym the Grappler (Demonspawn Berserker)       Turns: 7667, Time: 00:09:38

Health: -7/63      AC: 11    Str: 22    XL:     9   Next: 69%
Magic:  9/9        EV:  9    Int:  8    God:    Trog [*****.]
Gold:   377        SH:  0    Dex: 12    Spells: 8/8 levels left

rFire    . . .     SeeInvis .     - Unarmed
rCold    . . .     Gourm    .   (no shield)
rNeg     . . .     Faith    .   D - +0 plate armour
rPois    .         Spirit   .   y - +0 helmet
rElec    .         Reflect  .   (no cloak)
rCorr    .         Harm     .   (no gloves)
MR       .....                  (no boots)
Stlth    ..........             (no amulet)
HPRegen  0.20/turn              (no ring)
MPRegen  0.11/turn              (no ring)

@: lethally poisoned (-7 -> -11), berserk cooldown, slowed, very slow
A: claws 2, repulsion field 2, demonic guardian 1, rot immunity
a: Berserk, Trog's Hand, Brothers in Arms, Renounce Religion


Innate Abilities, Weirdness & Mutations

You have very sharp fingernails.
You are surrounded by a moderate repulsion field. (EV +3)
A weak demonic guardian rushes to your aid.
You are immune to rotting.


   Skills:
 - Level 3.0 Fighting
   Level 5.2 Axes
 - Level 1.7 Armour
 - Level 1.7 Dodging
 + Level 11.5 Unarmed Combat


You had 8 spell levels left.
You didn't know any spells.
Your spell library was empty.

Skill      XL: |  1  2  3  4  5  6  7  8  9 |
---------------+----------------------------+-----
Axes           | 3 4 5 |  5.2
Unarmed Combat | 2 4 7 9 11 | 11.5
Fighting       | |  3.0
Armour         | |  1.7
Dodging        | |  1.7

Action                   |  1- 3 |  4- 6 |  7- 9 || total
-------------------------+-------+-------+-------++-------
Melee: Hand axe          |   117 |    92 |       ||   209
       Unarmed           |       |   134 |   373 ||   507
       Punch             |       |       |     9 ||     9
Invok: Berserk           |     1 |     3 |     6 ||    10
       Trog's Hand       |       |     2 |     2 ||     4
  Use: Scroll            |       |     5 |     8 ||    13
       Potion            |       |       |     1 ||     1
 Stab: Paralysed         |       |     2 |       ||     2
       Distracted        |       |       |     2 ||     2
  Eat: Chunk             |     3 |     5 |    10 ||    18
       Ration            |       |     2 |     2 ||     4
Armor: Animal skin       |     3 |       |       ||     3
       Leather armour    |    21 |       |       ||    21
       Scale mail        |    18 |    26 |       ||    44
       Chain mail        |       |    67 |   130 ||   197
       Plate armour      |       |       |    23 ||    23
Dodge: Dodged            |    70 |   100 |   155 ||   325

Inventory:

Armour
 y - a +0 helmet (worn)
 D - a +0 plate armour (worn)
Wands
 b - a wand of paralysis (8)
 v - a wand of acid (10)
Scrolls
 d - 2 scrolls of fog {unknown}
 g - 4 scrolls of teleportation {unknown}
 i - 5 scrolls of magic mapping {unknown}
 j - 5 scrolls of immolation
 k - a scroll of fear {unknown}
 l - 4 scrolls of remove curse {unknown}
 p - 2 scrolls of enchant weapon {unknown}
 r - a scroll of identify
 t - a scroll of noise {unknown}
 x - a scroll of summoning {unknown}
 B - 2 scrolls of blinking {unknown}
Potions
 a - a potion of resistance
 c - 2 potions of mutation
 f - 3 potions of brilliance
 h - 4 potions of haste
 m - 3 potions of might
 n - a potion of cancellation
 o - 2 potions of magic
 q - a potion of heal wounds
 s - 2 potions of invisibility {unknown}
 u - a potion of lignification
 w - 9 potions of curing
 z - a potion of ambrosia
 A - a potion of agility {unknown}
Comestibles
 e - 13 rations
 C - 2 chunks of flesh


You were on level 8 of the Dungeon.
You worshipped Trog.
Trog was extremely pleased with you.
You were hungry.

You visited 1 branch of the dungeon, and saw 8 of its levels.
You also visited: Ossuary.

You collected 429 gold pieces.
You spent 52 gold pieces at shops.

Dungeon Overview and Level Annotations

Branches:
Dungeon (8/15)             Temple (0/1) D:6         Ossuary (visited)
   Lair: D:8-11

Altars:
Cheibriados
Gozag
Okawaru
Ru
Uskayaw
Vehumet
Wu Jian
Yredelemnul
Zin

Shops:
D:4 *}( D:7

*
#......<...#
#..........#
#..........#
##
#..........#
#.
#..........#
..
#..........#
.#
######.##.##
§#
#.##..##.#
#..##.@W§#
##.####§§###
.# #g...#
#))...#
#..#####
.... ..##.
.... .. ##.
#.


You could see a phantom (inner flame) and a gnoll sergeant (inner flame).

Notes
Turn   | Place    | Note
-------+----------+-------------------------------------------
     0 | D:1      | theanonym the Demonspawn Berserker began the quest for the
                  | Orb.
     0 | D:1      | Reached XP level 1. HP: 18/18 MP: 1/1
   118 | D:1      | Reached skill level 3 in Axes
   268 | D:1      | Gained mutation: A weak demonic guardian rushes to your
                  | aid. [demonic ancestry]
   268 | D:1      | Reached XP level 2. HP: 24/24 MP: 2/2
   708 | D:2      | Reached XP level 3. HP: 21/29 MP: 3/3
   837 | D:2      | Reached skill level 4 in Axes
   889 | D:2      | Reached ** piety under Trog
  1290 | D:3      | Found a hide-covered altar of Uskayaw.
  1290 | D:3      | Noticed a +0 dagger
  1290 | D:3      | Noticed a +0 dagger
  1308 | D:3      | HP: 8/29 [worm (9)]
  1357 | D:3      | Found a snail-covered altar of Cheibriados.
  1358 | D:3      | HP: 11/29 [dart slug/slug dart (2)]
  1587 | D:3      | Gained mutation: You are immune to rotting. [demonic
                  | ancestry]
  1587 | D:3      | Reached XP level 4. HP: 34/35 MP: 4/4
  1619 | D:3      | Found a sacrificial altar of Ru.
  1678 | D:3      | Found a glowing silver altar of Zin.
  1743 | D:3      | Reached skill level 5 in Axes
  1811 | D:3      | Found an iron altar of Okawaru.
  1895 | D:3      | Found an ornate altar of the Wu Jian Council.
  2068 | D:3      | Gained mutation: You have sharp fingernails. [demonic
                  | ancestry]
  2068 | D:3      | Reached XP level 5. HP: 41/41 MP: 5/5
  2203 | D:4      | Reached *** piety under Trog
  2212 | D:4      | Reached skill level 1 in Unarmed Combat
  2236 | D:4      | Found Teduic's Gadget Shoppe.
  2287 | D:4      | HP: 20/41 [worker ant (2)]
  2290 | D:4      | HP: 9/41 [worker ant (3)]
  2293 | D:4      | HP: 4/41 [worker ant (6)]
  2300 | D:4      | HP: 7/41 [poisoned by a worker ant]
  2305 | D:4      | HP: 9/41 [poisoned by a worker ant]
  2310 | D:4      | HP: 8/41 [poisoned by a worker ant]
  2577 | D:4      | HP: 18/41 [scorpion (3)]
  2581 | D:4      | Reached skill level 2 in Unarmed Combat
  2582 | D:4      | HP: 15/61 [poisoned by a scorpion]
  2585 | D:4      | HP: 7/41 [poisoned by a scorpion]
  2590 | D:4      | HP: 4/41 [poisoned by a scorpion]
  2595 | D:4      | HP: 6/41 [poisoned by a scorpion]
  2600 | D:4      | HP: 9/41 [poisoned by a scorpion]
  2606 | D:4      | HP: 7/41 [poisoned by a scorpion]
  2614 | D:4      | HP: 6/41 [poisoned by a scorpion]
  3015 | D:4      | Reached XP level 6. HP: 32/47 MP: 6/6
  3031 | D:4      | Reached skill level 3 in Unarmed Combat
  3182 | D:4      | Found Ciytzeuc's General Store.
  3399 | D:4      | Found Ryar's Jewellery Emporium.
  3454 | D:4      | Found Moongyoz's Weapon Shop.
  3733 | D:5      | Entered Level 5 of the Dungeon
  3811 | D:5      | Noticed a hippogriff
  3818 | D:5      | Killed a hippogriff
  3818 | D:5      | Reached skill level 4 in Unarmed Combat
  3987 | D:5      | Gained mutation: You have very sharp fingernails. [demonic
                  | ancestry]
  3987 | D:5      | Reached XP level 7. HP: 46/52 MP: 7/7
  4108 | D:5      | Reached skill level 5 in Unarmed Combat
  4116 | D:5      | HP: 26/52 [poisoned by a scorpion]
  4124 | D:5      | HP: 18/52 [poisoned by a scorpion]
  4132 | D:5      | HP: 17/52 [poisoned by a scorpion]
  4654 | D:5      | Reached skill level 6 in Unarmed Combat
  4660 | D:5      | HP: 21/52 [orc/+0 morningstar (10)]
  4663 | D:5      | HP: 7/52 [orc/+0 morningstar (8)]
  5021 | D:6      | Noticed Dowan
  5027 | D:6      | Found a sand-covered staircase.
  5033 | Ossuary  | Entered an ossuary
  5346 | Ossuary  | Reached **** piety under Trog
  5361 | Ossuary  | Reached skill level 7 in Unarmed Combat
  5361 | Ossuary  | Gained mutation: You are surrounded by a mild repulsion
                  | field. (EV +2) [demonic ancestry]
  5361 | Ossuary  | Reached XP level 8. HP: 49/58 MP: 8/8
  5403 | D:6      | Killed Dowan
  5530 | D:6      | Noticed Duvessa
  5539 | D:6      | HP: 41/87 [Duvessa/+0 rapier (13)]
  5541 | D:6      | Killed Duvessa
  5739 | D:6      | Found a sacrificial altar of Ru.
  5753 | D:6      | Found an opulent altar of Gozag.
  5884 | D:6      | Found a staircase to the Ecumenical Temple.
  5893 | D:6      | Noticed Grinder
  5901 | D:6      | HP: 29/58 [Grinder (3)]
  5905 | D:6      | Killed Grinder
  5905 | D:6      | Reached skill level 8 in Unarmed Combat
  6317 | D:6      | Noticed a hornet
  6324 | D:6      | Killed a hornet
  6324 | D:6      | Reached skill level 9 in Unarmed Combat
  6476 | D:6      | Found a radiant altar of Vehumet.
  6476 | D:6      | Found a basalt altar of Yredelemnul.
  6504 | D:7      | Found Keewnoyr's General Store.
  6545 | D:7      | Gained mutation: You are surrounded by a moderate repulsion
                  | field. (EV +3) [demonic ancestry]
  6545 | D:7      | Reached XP level 9. HP: 54/63 MP: 9/9
  6619 | D:7      | Bought a scroll of identify for 26 gold pieces
  6619 | D:7      | Bought a scroll of identify for 26 gold pieces
  6659 | D:7      | Reached skill level 10 in Unarmed Combat
  6855 | D:7      | Reached ***** piety under Trog
  6929 | D:7      | HP: 31/63 [poisoned by an orc]
  6934 | D:7      | HP: 25/63 [poisoned by an orc]
  6939 | D:7      | HP: 22/63 [poisoned by an orc]
  6944 | D:7      | HP: 20/63 [poisoned by an orc]
  6949 | D:7      | HP: 19/63 [poisoned by an orc]
  6956 | D:7      | HP: 18/63 [poisoned by an orc]
  6964 | D:7      | HP: 18/63 [poisoned by an orc]
  7142 | D:7      | HP: 35/94 [orc warrior/+0 mace (22)]
  7144 | D:7      | Reached skill level 11 in Unarmed Combat
  7147 | D:7      | HP: 25/63 [poisoned by a killer bee]
  7153 | D:7      | HP: 25/63 [poisoned by a killer bee]
  7158 | D:7      | HP: 24/63 [poisoned by a killer bee]
  7163 | D:7      | HP: 24/63 [poisoned by a killer bee]
  7643 | D:8      | HP: 31/63 [poisoned by a killer bee]
  7648 | D:8      | HP: 38/94 [poisoned by a killer bee]
  7654 | D:8      | HP: 26/94 [poisoned by a killer bee]
  7660 | D:8      | HP: 15/94 [poisoned by a killer bee]
  7663 | D:8      | HP: 5/63 [poisoned by a killer bee]
  7667 | D:8      | Killed from afar by a hound

Vanquished Creatures
  A hornet (D:6)
  Grinder (D:6)
  2 hippogriffs
  Duvessa (D:6)
  An orc warrior (D:7)
  3 sky beasts
  A black bear (D:6)
  A necrophage (D:7)
  A phantom (D:7)
  An ogre (D:7)
  A centaur (D:7)
  A wyvern zombie (D:7)
  A water moccasin zombie (D:7)
  2 scorpions
  Dowan (D:6)
  9 killer bees
  2 centaur zombies (Ossuary)
  A crimson imp (D:5)
  2 hounds (D:4)
  An orc priest (D:7)
  7 orc wizards
  A centaur skeleton (D:5)
  An iguana (D:5)
  3 worker ants
  2 big kobold zombies (Ossuary)
  2 mummies
  3 gnolls (D:8)
  7 adders
  A shadow imp (D:8)
  An ooze (D:1)
  4 adder zombies
  2 adder skeletons (D:4)
  5 worms
  2 dart slugs
  2 leopard geckos
  20 orcs
  A ball python (D:3)
  8 bats
  19 goblins
  7 hobgoblins
  4 jackals
  7 kobolds
  A quokka (D:2)
  5 frilled lizards
  3 goblin zombies (Ossuary)
  6 hobgoblin zombies (Ossuary)
  8 kobold zombies (Ossuary)
  7 orc zombies (Ossuary)
  5 rats
  A rat zombie (Ossuary)
179 creatures vanquished.

Vanquished Creatures (collateral kills)
  An elf zombie (Ossuary)
  A bullfrog (D:7)
  A scorpion (D:6)
  A bullfrog skeleton (D:4)
  An orc priest (D:5)
  3 orc wizards
  A mummy (Ossuary)
  An ooze (D:7)
  4 orcs
  2 jackals (D:4)
  A quokka (D:5)
  2 hobgoblin zombies (Ossuary)
  A jackal zombie (Ossuary)
  A kobold zombie (Ossuary)
21 creatures vanquished.

Grand Total: 200 creatures vanquished

Table legend:
 A = Turns spent in this place as a percentage of turns spent in the entire game.
 B = Non-inter-level travel turns spent in this place as a percentage of non-inter-level travel turns spent in the entire game.
 C = Inter-level travel turns spent in this place as a percentage of turns spent in this place.
 D = Turns resting spent in this place as a percentage of non-inter-level travel turns spent in this place.
 E = Turns spent auto-exploring this place as a percentage of non-inter-level travel turns spent in this place.
 F = Non-inter-level travel turns spent in this place divided by the number of levels of this place that you've seen.
                   A       B       C       D       E      F
               +-------+-------+-------+-------+-------+----------------------
         Total | 100.0 | 100.0 |   3.1 |  37.1 |  46.5 | 825.4
       Dungeon |  95.2 |  95.1 |   3.3 |  37.6 |  47.6 | 882.9
       Ossuary |   4.8 |   4.9 |   0.0 |  28.4 |  24.9 | 366.0
               +-------+-------+-------+-------+-------+----------------------
